 Dungeon Sprint DCSS version 0.30.1-11-g7821555f0a (webtiles) character file.

Game seed: 10450205421131551830

8 Groucho the Ducker (level 2, -2/13 HPs)
             Began as a Felid Wanderer on Jan 2, 2024.
             Slain by an iguana (15 damage)
             ... in the Dungeon (Sprint IX: "|||||||||||||||||||||||||||||").
             The game lasted 00:00:21 (28 turns).

Groucho the Ducker (Felid Wanderer)                   Turns: 28, Time: 00:00:21

Health: -2/13      AC:  1    Str: 10    XL:     2   Next: 0%
Magic:  2/4        EV: 20    Int:  9    God:
Gold:   0          SH:  0    Dex: 17    Spells: 1/1 levels left
                                        Lives:  0   Deaths: 0

rFire   . .          .
                       - Unarmed
rCold   . . .        (shield unavailable)
rNeg    . . .        (body armour unavailable)
rPois   .            (helmet unavailable)
rElec   .            (cloak unavailable)
rCorr   .            (gloves unavailable)
SInv    +            (boots unavailable)
Will    .....        (no amulet)
Stlth   ++           (no ring)
HPRegen 0.22/turn    (no ring)
MPRegen 0.09/turn

%: no teleportation
@: quick
A: very small, claws 1, fangs 3, see invisible, speed 1, shaggy fur 1, stealthy
paws, no weapons or thrown items, no armour, multi-lived
a: no special abilities


You were in the Dungeon.
You visited 1 branch

Inventory:

Scrolls
 h - a scroll of blinking
Potions
 a - 2 potions of attraction
 b - a potion of invisibility
 c - a potion of curing
 d - a potion of heal wounds
 e - a potion of haste
 f - 2 potions of magic
 g - a potion of berserk rage


   Skills:
 + Level 2.6 Fighting
 + Level 5.8 Dodging
 + Level 2.2 Stealth
 + Level 4.3 Unarmed Combat
 + Level 1.4 Invocations


You had one spell level left.
You didn't know any spells.
Your spell library was empty.

Dungeon Overview and Level Annotations

Branches:
Dungeon (1/1)

Altars:


Innate Abilities, Weirdness & Mutations

You have sharp claws.
You have razor-sharp teeth.
You have supernaturally acute eyesight. (SInv)
You cover ground quickly. (Speed+)
You are covered in fur. (AC +1)
Your paws help you pounce on unaware monsters.
You are incapable of wielding weapons or throwing items.
You cannot wear armour.
You gain extra lives every three experience levels.


Message History

No target in view!
No target in view!
You see here a rat corpse.
You open the door.
A jackal, a quokka, an iguana, an orc and a gnoll sergeant come into view.
The iguana hisses angrily.
The orc shouts!
The jackal barks!
The jackal completely misses you.
There is an open door here.
You scratch the jackal. You bite the jackal.
The jackal is severely wounded.
The jackal completely misses you.
You scratch the jackal.
You kill the jackal!
The quokka completely misses you.
Your Stealth skill increases to level 2!
You scratch the quokka but do no damage.
The quokka misses you.
You miss the quokka. You bite the quokka.
The quokka is almost dead.
The quokka misses you.
You barely miss the quokka.
The quokka is almost dead.
The quokka closely misses you.
You scratch the quokka but do no damage.
The quokka is almost dead.
The quokka closely misses you.
You closely miss the quokka.
The quokka is almost dead.
The quokka misses you.
You closely miss the quokka. Your bite misses the quokka.
The quokka is almost dead.
The quokka closely misses you.
You scratch the quokka but do no damage.
You bite the quokka.
You kill the quokka!
You have reached level 2!
Unknown command.
The iguana bites you!
Ouch! That really hurt!
You die...

▓.▓
▓'▓
▓.▓
▓)▓
▓†▓
▓.▓
▓.▓
▓'▓
▓@▓
▓l▓
▓o▓
▓g▓
▓.▓
▓+▓


You could see a gnoll sergeant, an iguana and an orc.

Vanquished Creatures
  A ball python (D)
  An endoplasm (D)
  A jackal (D)
  A kobold (D)
  A quokka (D)
  A frilled lizard (D)
  A rat (D)
7 creatures vanquished.

Notes
Turn   | Place    | Note
-------+----------+-------------------------------------------
     0 | D        | Groucho the Felid Wanderer began the quest for the Orb.
     0 | D        | Groucho set off with the following items: 2 potions of
                  | attraction, a potion of invisibility, a potion of curing, a
                  | potion of heal wounds, a potion of haste, 2 potions of
                  | magic, a potion of berserk rage, a scroll of blinking.
     0 | D        | Reached XP level 1. HP: 9/9 MP: 2/2
     8 | D        | Reached skill level 1 in Stealth
    10 | D        | Reached skill level 1 in Invocations
    17 | D        | Noticed an iguana
    17 | D        | Noticed a gnoll sergeant
    28 | D        | Reached XP level 2. HP: 13/13 MP: 2/4
    28 | D        | Slain by an iguana

Illustrated notes

Levels and vault maps discovered:
D:        linesprint [early_d, line_temple, items_1, d_10, items_2, lair_1,
          lair_end, items_3, orc_1, orc_end, items_4, d_15, swamp_1, shoals_1,
          snake_1, spider_1, d_20, vaults_1, items_5, swamp_end, shoals_end,
          snake_end, spider_end, vaults_end, d_27, items_6, zot_1, zot_end,
          crypt_end, forest_end, elf_end, slime_end, tomb_end, abyss_end,
          pan_hell_end]

Skill      XL: |  1 |
---------------+----+-----
Stealth        | 2 |  2.2
Invocations    | 1 |  1.4
Fighting       | |  2.6
Dodging        | |  5.8
Unarmed Combat | |  4.3

Action                     || total
---------------------------++-------
  Melee: Unarmed           ||    16
         Bite              ||     3
 Armour: Skin              ||     1
  Dodge: Dodged            ||    14
